 Dungeon Crawl Stone Soup version 0.30.1-3-gfc49f6343a (webtiles) character file.

Game seed: 12659581710800213130

58394 Peloso the Peltast (level 14, 0/132 HPs)
             Began as a Minotaur Fighter on July 30, 2023.
             Was a High Priest of Okawaru.
             Killed by divine providence
             ... invoked by an orc priest
              (9 damage)
             ... on level 2 of the Orcish Mines.
             The game lasted 00:54:24 (20917 turns).

Peloso the Peltast (Minotaur Fighter)              Turns: 20917, Time: 00:54:25

Health: 0/132      AC: 31    Str: 24    XL:     14   Next: 49%
Magic:  14/14      EV: 13    Int:  5    God:    Okawaru [*****.]
Gold:   1578       SH: 20    Dex: 18    Spells: 13/13 levels left

rFire   + . .        a - +3 scimitar (flame)
rCold   + . .        d - +0 kite shield {reflect}
rNeg    . . .        u - +18 Lear's hauberk
rPois   .            (helmet currently unavailable)
rElec   .            T - scarf {rC+ rF+}
rCorr   .            (gloves currently unavailable)
SInv    +            (boots currently unavailable)
Will    ++...        w - amulet of reflection
Stlth   +            h - ring of see invisible
HPRegen 0.42/turn    Y - ring "Imiawk" {Will+ Dex+6 Stlth+}
MPRegen 0.14/turn

%: reflection
@: marked, studying Armour
A: horns 2, retaliatory headbutt
a: Renounce Religion, Heroism, Finesse, Duel


You were on level 2 of the Orcish Mines.
You worshipped Okawaru.
Okawaru was extremely pleased with you.
You visited 4 branches of the dungeon, and saw 20 of its levels.
You also visited: Bailey and Gauntlet.

You collected 1726 gold pieces.
You spent 148 gold pieces at shops.

Inventory:

Hand Weapons
 a - a +3 scimitar of flaming (weapon)
 b - a +0 scimitar of flaming
 c - a +5 falchion of holy wrath
 q - the +7 lajatang of Order {silver, rMut}
   (You took it off a rakshasa on level 12 of the Dungeon)

   rMut:      It protects you from mutation.
Armour
 d - a +0 kite shield of reflection (worn)
 p - the +1 pair of gloves "Vaguas" {Str+2}
   (You found it in a Gauntlet)

   Str:       It affects your strength (+2).
 u - the +18 Lear's hauberk (worn)
   (You found it on level 3 of the Dungeon)
 v - the +2 hat of Okawaru's Esteem {rElec}
   (Okawaru gifted it to you on level 2 of the Orcish Mines)

   rElec:     It insulates you from electricity.
 B - the +3 pair of gauntlets of War {Slay+5}
   (You found it on level 6 of the Dungeon)

   Slay:      It affects your accuracy & damage with ranged weapons and melee
   (+5).
 Q - a +1 pair of boots
 T - a scarf of resistance (worn)
Jewellery
 h - a ring of see invisible (left hand)
 k - an amulet of faith
 t - a ring of resist corrosion
 w - an amulet of reflection (around neck)
 K - a ring of poison resistance
 R - a ring of protection from cold
 Y - the ring "Imiawk" (right hand) {Will+ Dex+6 Stlth+}
   (You found it on level 12 of the Dungeon)

   [ring of dexterity]

   Dex:       It affects your dexterity (+6).
   Will:      It increases your willpower.
   Stlth:     It makes you more stealthy.
 Z - the ring "Hibb" {rF+ rN+}
   (You took it off a rakshasa on level 12 of the Dungeon)

   [ring of protection from fire]

   rF:        It protects you from fire.
   rN:        It protects you from negative energy.
Wands
 E - a wand of digging (7)
Scrolls
 e - a scroll of silence
 j - 10 scrolls of teleportation
 l - 4 scrolls of poison
 m - 2 scrolls of fear
 C - a scroll of immolation
 H - a scroll of blinking
 O - 2 scrolls of magic mapping
Potions
 f - 3 potions of flight
 g - a potion of might
 i - a potion of magic {unknown}
 n - 11 potions of curing
 o - 5 potions of heal wounds
 s - 3 potions of invisibility
 N - a potion of resistance
 P - a potion of lignification {unknown}
 S - a potion of cancellation {unknown}
Miscellaneous
 r - a lightning rod (4/4)


   Skills:
 + Level 14.0 Fighting
 + Level 2.4(10.0) Short Blades
 + Level 16.1(16.2) Long Blades
 + Level 16.1 Armour
 + Level 7.4 Dodging
 + Level 2.0 Stealth
 + Level 16.5 Shields
 + Level 1.3 Invocations
 + Level 1.3 Evocations


You had 13 spell levels left.
You didn't know any spells.
Your spell library contained the following spells:

 Spells                   Type           Power      Damage    Failure   Level
 Apportation              Tloc           0%         N/A       94%         1
 Beastly Appendage        Tmut           0%         N/A       94%         1
 Magic Dart               Conj           0%         1d3       94%         1
 Sandblast                Erth           0%         2d4       94%         1
 Shock                    Conj/Air       0%         1d3       94%         1
 Slow                     Hex            0%         N/A       94%         1
 Sting                    Tmut/Pois      0%         1d3       94%         1
 Passwall                 Tmut/Erth      0%         N/A       98%         2
 Poisonous Vapours        Pois/Air       0%         N/A       98%         2
 Wereblood                Tmut           0%         N/A       98%         2
 Confusing Touch          Hex            0%         N/A       100%        3
 Dazzling Flash           Conj/Hex       0%         N/A       100%        3
 Hailstorm                Conj/Ice       0%         3d3       100%        3
 Mephitic Cloud           Conj/Pois/Air  0%         N/A       100%        3
 Spider Form              Tmut/Pois      0%         N/A       100%        3
 Stone Arrow              Conj/Erth      0%         3d7       100%        3
 Swiftness                Air            0%         N/A       100%        3
 Vampiric Draining        Necr           0%         2d6       100%        3
 Volatile Blastmotes      Fire/Tloc      0%         2d10      100%        3
 Airstrike                Air            0%         2d(0-16)  100%        4
 Ice Form                 Ice/Tmut       0%         N/A       100%        4
 Iskenderun's Mystic Bla  Conj/Tloc      0%         2d3       100%        4
 Olgreb's Toxic Radiance  Pois           0%         N/A       100%        4
 Passage of Golubria      Tloc           0%         N/A       100%        4
 Alistair's Intoxication  Tmut/Pois      0%         N/A       100%        5
 Yara's Violent Unravell  Hex/Tmut       0%         3d3       100%        5
 Starburst                Conj/Fire      0%         6d3       100%        6
 Orb of Destruction       Conj           0%         9d5       100%        7
 Call Imp                 Summ           Unusable   N/A       N/A         2
 Summon Guardian Golem    Hex/Summ       Unusable   N/A       N/A         3
 Tukima's Dance           Hex            Unusable   N/A       N/A         3
 Simulacrum               Ice/Necr       Unusable   N/A       N/A         6
 Spellforged Servitor     Conj/Summ      Unusable   N/A       N/A         7

Dungeon Overview and Level Annotations

Branches:
Dungeon (12/15)            Temple (1/1) D:5            Lair (5/5) D:8
 Shoals (0/4) Lair:2       Spider (0/4) Lair:3          Orc (2/2) D:10
    Elf (0/3) Orc:2        Bailey (visited)         Gauntlet (visited)
  Slime: Lair:4-5

Altars:
Ashenzari
Cheibriados
Dithmenos
Elyvilon
Fedhas
Gozag
Hepliaklqana
Kikubaaqudgha
Makhleb
Nemelex Xobeh
Okawaru
Qazlal
Ru
Sif Muna
Trog
Uskayaw
Vehumet
Wu Jian
Xom
Yredelemnul
Zin
The Shining One

Shops:
D:8 ?   D:9 ([?*

Annotations:
D:10 Casa - 3 runed translucent doors


Innate Abilities, Weirdness & Mutations

You have a pair of horns on your head.
You reflexively headbutt those who attack you in melee.


Message History

An orc knight is wielding a +2 heavy bardiche.
The orc knight roars a battlecry!
The orcs go into a battle-frenzy!
An orc warrior comes into view. It is wielding a +0 long sword.
Things that are here:
a +0 club; a +0 ring mail; an orc corpse You slice the two-headed ogre!!
You burn the two-headed ogre.
The two-headed ogre is moderately wounded.
The orc knight roars a battlecry!
The orcs go into a battle-frenzy!
You block the two-headed ogre's attack. x2
The orc warrior hits you with a +0 dire flail!
An orc warrior comes into view. It is wielding a +0 battleaxe.
You slash the two-headed ogre! You burn the two-headed ogre.
You headbutt the two-headed ogre!
The two-headed ogre is almost dead.
You block the orc knight's attack. The orc warrior closely misses you.
The orc knight hits you with a +3 great sword of flaming!!
The orc knight burns you.
An orc warrior comes into view. It is wielding a +0 dire flail.
You hit the two-headed ogre. You burn the two-headed ogre.
The two-headed ogre is almost dead.
You block the two-headed ogre's attack. The two-headed ogre barely misses you.
You barely miss the two-headed ogre.
Your headbutt misses the two-headed ogre.
The two-headed ogre is almost dead.
The orc knight hits you from afar with a +2 halberd!!
You block the orc warrior's attack.
The orc knight roars a battlecry!
An orc warrior comes into view. It is wielding a +0 scimitar.
The orc knight hits you from afar with a +2 heavy bardiche!!!
* * * LOW HITPOINT WARNING * * *
Blink to where?
Press: ? - help, Dir - move target An orc priest comes into view.
It is wielding a +0 short sword.
As you read the scroll of blinking, it crumbles to dust.
The orc priest looks encouraged for a moment.
The orc priest mumbles some strange prayers to Beogh against you.
Beogh smites you!
You die...

##.............##.....
#...................#.
####......#).)..<...###.
#.#.....###......)..###.
##........ ###........###
#.......####.#..)......##
##.##....#.#.........).## ###
###)#.#........o.#.....[)[ ...#
#..)O....@.......#........
.oo#.o#)o.#.#........#.##.......
...ooo.o#####..<....#######.....
.....o..# #...##...#.# ####...)
.......## ##.###....####.....#.
....... ###.#.#.## #......#.
....... #.....#.###......##
....... ##...#...........#[
..#.... ##.###.#.....#..[#


You could see a two-headed ogre, an orc warrior (strong) and an orc priest.

Vanquished Creatures
  Kirke (D:12)
  Donald (Orc:2)
  2 orc warlords (Orc:2)
  Nessos (Lair:3)
  A minotaur (Gauntlet)
  Azrael (D:12)
  Erolcha (Orc:2)
  A rakshasa (D:12)
  5 hydras
  7 two-headed ogres
  Erica (Lair:2)
  An ogre mage (D:12)
  2 boulder beetles
  3 tengu warriors (D:12)
  Urug (Orc:1)
  Sonja (D:12)
  An orc high priest (Orc:2)
  A sixfirhy (Gauntlet)
  A glowing orange brain (Gauntlet)
  4 orc knights
  2 ugly things (Gauntlet)
  3 orc sorcerers
  2 cyclopes
  6 elephants
  A black mamba (Lair:3)
  A demonic crawler (Lair:3)
  3 manticores
  5 slime creatures (D:12)
  Maurice (D:8)
  2 gargoyles
  Psyche (D:12)
  5 cane toads
  An unseen horror (D:10)
  A rime drake (Lair:1)
  2 komodo dragons
  A polar bear (Lair:5)
  10 trolls
  5 dream sheep (Lair:5)
  9 blink frogs
  3 shadows
  3 flying skulls (Gauntlet)
  32 yaks
  4 wraiths
  3 fire elementals (D:11)
  3 hogs (D:12)
  A wyvern (D:9)
  3 humans (D:12)
  A steam dragon (D:6)
  4 basilisks
  Menkaure (D:7)
  9 wargs
  Edmund (D:4)
  3 acid dragons
  4 water moccasins
  4 hell hounds (D:11)
  33 orc warriors
  2 black bears
  3 sky beasts
  3 wolves (Lair:3)
  8 ogres
  3 lemures (D:9)
  7 centaurs
  A kobold brigand (D:11)
  8 bullfrogs
  8 scorpions
  2 gnoll sergeants
  13 wights
  A killer bee (D:9)
  7 howler monkeys
  4 electric eels
  A lava snake (D:9)
  A quasit (D:8)
  23 orc priests
  3 hounds
  A jelly (D:5)
  A gnoll bouda (D:6)
  4 sleepcaps
  An iguana (D:7)
  Terence (D:2)
  16 orc wizards
  10 hell rats (Lair:2)
  17 gnolls
  7 adders
  2 shadow imps
  2 white imps
  5 ufetubi
  A worm (D:3)
  A dart slug (D:1)
  101 orcs
  7 endoplasms
  5 giant cockroaches
  2 hobgoblins (D:1)
  11 jackals
  5 quokkas
  6 ball pythons
  10 bats
  A frilled lizard (D:1)
  12 goblins
  A goblin zombie (D:8)
  3 hobgoblin zombies (D:8)
  10 kobolds
  2 kobold zombies (D:8)
  3 rats (D:1)
556 creatures vanquished.

Vanquished Creatures (others)
  Pikel (D:9)
  A human (D:5)
  A gnoll (Orc:1)
3 creatures vanquished.

Grand Total: 559 creatures vanquished

Notes
Turn   | Place    | Note
-------+----------+-------------------------------------------
     0 | D:1      | Peloso the Minotaur Fighter began the quest for the Orb.
     0 | D:1      | Reached XP level 1. HP: 19/19 MP: 0/0
    88 | D:1      | Reached XP level 2. HP: 19/27 MP: 1/1
   360 | D:1      | Reached XP level 3. HP: 33/33 MP: 2/2
   935 | D:2      | Reached XP level 4. HP: 40/40 MP: 3/3
  1144 | D:2      | Identified the +5 scale mail "Nifolin" {rC- rCorr Str+8
                  | Stlth+}
  1250 | D:2      | Found a faded altar of an unknown god.
  1255 | D:2      | Noticed Terence
  1269 | D:2      | Killed Terence
  1566 | D:3      | You fall into a shaft and drop 1 floor!
  1767 | D:4      | Reached skill level 1 in Dodging
  1767 | D:4      | Reached XP level 5. HP: 44/47 MP: 4/4
  1886 | D:4      | Reached skill level 5 in Long Blades
  1929 | D:4      | Noticed Edmund
  1948 | D:4      | Killed Edmund
  1949 | D:4      | Reached XP level 6. HP: 19/53 MP: 5/5
  2622 | D:3      | Found the +18 Lear's hauberk
  3055 | D:5      | Entered Level 5 of the Dungeon
  3347 | D:5      | Reached skill level 5 in Armour
  3347 | D:5      | Reached XP level 7. HP: 50/60 MP: 6/6
  3482 | D:5      | Reached skill level 5 in Shields
  3613 | D:5      | Found a broken altar of Ashenzari.
  3613 | D:5      | Found a basalt altar of Yredelemnul.
  3618 | D:5      | Reached skill level 5 in Fighting
  3784 | D:5      | Found an ancient bone altar of Kikubaaqudgha.
  3785 | D:5      | Noticed a human
  3787 | D:5      | Killed a human
  3881 | D:5      | Found a staircase to the Ecumenical Temple.
  3891 | Temple   | Entered the Ecumenical Temple
  4281 | D:6      | Reached XP level 8. HP: 68/68 MP: 7/7
  4498 | D:6      | Found the +3 pair of gauntlets of War {Slay+5}
  5009 | D:7      | Noticed Menkaure
  5018 | D:7      | Killed Menkaure
  5361 | D:7      | Reached XP level 9. HP: 52/78 MP: 8/8
  5531 | D:7      | Reached skill level 10 in Long Blades
  6211 | D:8      | Found a white marble altar of Elyvilon.
  6389 | D:8      | Found Waewecig's Magic Scroll Boutique.
  6389 | D:8      | Noticed a two-headed ogre
  6408 | D:8      | Killed a two-headed ogre
  6427 | D:8      | Bought a scroll of identify for 22 gold pieces
  6427 | D:8      | Bought a scroll of identify for 22 gold pieces
  6635 | D:8      | Found a glowing golden altar of the Shining One.
  6635 | D:8      | Noticed Maurice
  6675 | D:8      | Killed Maurice
  6676 | D:8      | Reached XP level 10. HP: 86/86 MP: 9/9
  6720 | D:8      | Found a bloodstained altar of Trog.
  6757 | D:8      | Found a staircase to the Lair.
  7117 | D:8      | Found a shimmering altar of Xom.
  7644 | D:9      | Found a stormy altar of Qazlal.
  7658 | D:9      | Noticed Pikel
  7688 | D:9      | Killed Pikel
  7851 | D:9      | Found a flagged portal.
  7881 | Bailey   | Entered a bailey
  8271 | Bailey   | Noticed an orc knight
  8289 | Bailey   | Killed an orc knight
  8408 | D:9      | Noticed a manticore
  8423 | D:9      | Killed a manticore
  8424 | D:9      | Reached XP level 11. HP: 69/95 MP: 10/10
  8683 | D:9      | Found Lokluek's General Store.
  8685 | D:9      | Found Rodops's Magic Scroll Boutique.
  8688 | D:9      | Found Daenoez's Weapon Boutique.
  8689 | D:9      | Found Najufof's Armour Boutique.
  8706 | D:9      | Bought a potion of mutation for 104 gold pieces
  9073 | D:9      | Reached skill level 10 in Shields
  9190 | D:9      | Reached skill level 10 in Armour
  9280 | D:10     | Entered Level 10 of the Dungeon
  9280 | D:10     | Found a staircase to the Orcish Mines.
  9300 | D:10     | Noticed a two-headed ogre
  9403 | D:9      | Killed a two-headed ogre
  9681 | D:10     | Found an iron altar of Okawaru.
  9720 | D:10     | Became a worshipper of Warmaster Okawaru
  9754 | D:10     | Noticed a two-headed ogre
  9769 | D:10     | Killed a two-headed ogre
  9829 | D:10     | Found a runed translucent gate.
  9829 | D:10     | Found a runed translucent gate.
  9829 | D:10     | Found a runed translucent gate.
  9830 | D:10     | Noticed a cyan ugly thing
  9830 | D:10     | Noticed a glowing orange brain
 10035 | D:10     | Noticed a cyan ugly thing
 10035 | D:10     | Noticed a green ugly thing
 10037 | D:10     | Noticed a green ugly thing
 10433 | D:11     | Reached * piety under Okawaru
 10682 | D:11     | Noticed a boulder beetle
 10735 | D:11     | Killed a boulder beetle
 11022 | Lair:1   | Entered Level 1 of the Lair of Beasts
 11083 | Lair:1   | Found a gate leading to a gauntlet.
 11083 | Lair:1   | Noticed a six-headed hydra
 11093 | Gauntlet | Entered a Gauntlet
 11093 | Gauntlet | Found a transporter.
 11093 | Gauntlet | Found a transporter.
 11095 | Gauntlet | Found a transporter.
 11096 | Gauntlet | Found a transporter.
 11099 | Gauntlet | Found a transporter.
 11099 | Gauntlet | Found a transporter.
 11102 | Gauntlet | Noticed a sixfirhy
 11138 | Gauntlet | Found a transporter.
 11142 | Gauntlet | Found a transporter.
 11146 | Gauntlet | Found a runed translucent door.
 11146 | Gauntlet | Noticed a fire crab
 11148 | Gauntlet | Found a runed translucent door.
 11156 | Gauntlet | Found a transporter.
 11171 | Gauntlet | Noticed a cyan ugly thing
 11171 | Gauntlet | Noticed a red ugly thing
 11172 | Gauntlet | Found a transporter.
 11173 | Gauntlet | Noticed a glowing orange brain
 11177 | Gauntlet | Found a transporter.
 11197 | Gauntlet | Found a transporter.
 11206 | Gauntlet | Found a runed translucent door.
 11206 | Gauntlet | Found a runed translucent door.
 11215 | Gauntlet | Found the +10 morningstar "Eos" {elec, Halo rElec}
 11269 | Gauntlet | Identified the +1 pair of gloves "Vaguas" {Str+2}
 11318 | Gauntlet | Killed a sixfirhy
 11318 | Gauntlet | Reached ** piety under Okawaru
 11319 | Gauntlet | Reached skill level 10 in Fighting
 11376 | Gauntlet | Killed a cyan ugly thing
 11383 | Gauntlet | Killed a glowing orange brain
 11396 | Gauntlet | Killed a red ugly thing
 11397 | Gauntlet | Reached skill level 5 in Dodging
 11397 | Gauntlet | Reached XP level 12. HP: 72/106 MP: 11/11
 11509 | Gauntlet | Noticed a minotaur
 11516 | Gauntlet | Killed a minotaur
 11517 | Gauntlet | Reached skill level 1 in Stealth
 11523 | Gauntlet | Identified the staff of conjuration "Qaleipnoju" {rCorr
                  | Str+4}
 11523 | Gauntlet | Identified the +5 rapier of Vopt {flame, rPois Str-3 Dex+2}
 11545 | Lair:1   | Killed a six-headed hydra
 11545 | Lair:1   | Reached *** piety under Okawaru
 12445 | Lair:1   | Reached **** piety under Okawaru
 12824 | Lair:2   | Found a staircase to the Shoals.
 12897 | Lair:2   | Noticed Erica
 12908 | Lair:2   | Killed Erica
 13684 | Lair:2   | Received a gift from Okawaru
 13761 | Lair:3   | Noticed Nessos
 13761 | Lair:3   | Noticed a seven-headed hydra
 13768 | Lair:3   | Killed a seven-headed hydra
 13769 | Lair:3   | Reached skill level 1 in Short Blades
 13773 | Lair:3   | Killed Nessos
 13993 | Lair:3   | Reached skill level 15 in Long Blades
 14025 | Lair:3   | Reached ***** piety under Okawaru
 14188 | Lair:3   | Reached XP level 13. HP: 99/117 MP: 12/12
 14424 | Lair:3   | You fall into a shaft and drop 2 floors!
 14424 | Lair:5   | Entered Level 5 of the Lair of Beasts
 14977 | Lair:3   | Found a hole to the Spider Nest.
 15734 | D:12     | Noticed Azrael
 16018 | D:12     | Noticed Sonja
 16027 | D:12     | Killed Azrael
 16032 | D:12     | Paralysed by Sonja for 5 turns
 16287 | D:12     | Reached skill level 15 in Armour
 16291 | D:12     | Killed Sonja
 16291 | D:12     | Received a gift from Okawaru
 16426 | D:12     | Noticed Psyche
 16430 | D:12     | Killed Psyche
 16560 | D:12     | Noticed Kirke
 16592 | D:12     | Killed Kirke
 16773 | D:12     | Received a gift from Okawaru
 16780 | D:12     | Reached skill level 1 in Evocations
 16825 | D:12     | Reached skill level 15 in Shields
 17008 | D:12     | Identified the ring "Imiawk" {Will+ Dex+6 Stlth+}
 17130 | D:12     | Identified the ring "Hibb" {rF+ rN+}
 17156 | D:12     | Identified the +4 glaive of Yredelemnul {spect, rF+ rN+
                  | Int+2}
 18174 | D:12     | Reached XP level 14. HP: 69/129 MP: 13/13
 18895 | Orc:1    | Entered Level 1 of the Orcish Mines
 19556 | Orc:2    | Entered Level 2 of the Orcish Mines
 19559 | Orc:2    | Noticed Urug
 19629 | Orc:1    | Killed Urug
 19798 | Orc:2    | Identified the +2 hat of Okawaru's Esteem {rElec} (Okawaru
                  | gifted it to you on level 2 of the Orcish Mines)
 19798 | Orc:2    | Received a gift from Okawaru
 19866 | Orc:2    | Noticed an orc warlord
 19927 | Orc:2    | Killed an orc warlord
 20006 | Orc:2    | Reached skill level 1 in Invocations
 20164 | Orc:2    | Noticed Donald
 20181 | Orc:2    | Killed Donald
 20194 | Orc:2    | Noticed Erolcha
 20205 | Orc:2    | Killed Erolcha
 20219 | Orc:2    | Noticed an orc warlord
 20265 | Orc:2    | Killed an orc warlord
 20727 | Orc:2    | Found a staircase to the Elven Halls.
 20917 | Orc:2    | Killed from afar by an orc priest

Illustrated notes

Levels and vault maps discovered:
D:1:      minmay_arrival_jagged, layout_rooms
D:2:      minmay_wonky_spiral, layout_basic, shapermc_ecumenical_altar_gd,
          minivault_4, uniq_terence
D:3:      layout_rooms, chequers_serial_rivers_micro_a
D:4:      layout_basic, uniq_edmund
D:5:      layout_loops_ring, tgw_kikubaaqudgha, grunt_temple_overflow_open,
          temple_hall, ebering_dispersal_statue_hall
D:6:      layout_rooms, serial_corexii_hall, chequers_hall_statues_y,
          corexii_hall_statues_t, chequers_hall_statues_wall_a,
          chequers_hall_statues_corner_a, minmay_misc_feat_room
D:7:      layout_basic, uniq_menkaure
D:8:      layout_basic, mainiacjoe_overflow_cross_hatched,
          mainiacjoe_overflow_six_doors_small, nicolae_tso_besieged_by_evil,
          mainiacjoe_overflow_alcove_1, erik_lair_orcish_takeover, serial_shops,
          nicolae_shop_rolling_square, grunt_ministairs_4, uniq_maurice
D:9:      minmay_razor_zed, layout_loops_ring, nicolae_qazlal_scattered_showers,
          enter_bailey_7, kennysheep_small_spiral, grunt_decor_arrowhead,
          minmay_shop_grid_forest, uniq_pikel
D:10:     layout_big_octagon, kennysheep_mini,
          ploomutoo_gammafunk_ghost_potion_laboratory
D:11:     layout_basic
D:12:     minmay_the_grid_octo_triangle [minmay_the_grid_octo_focus,
          minmay_the_grid_octo_prize_single_spiral,
          minmay_the_grid_octo_fat_diamond], layout_gridville, uniq_psyche,
          uniq_kirke, uniq_azrael, uniq_sonja
Temple:   hellmonk_temple_forest_ring
Lair:1:   layout_cave_pods, gauntlet_entry_generic, grunt_megastairs_4,
          infiniplex_staircase_pool
Lair:2:   layout_cave_pods, shoals_dummy_entry, uniq_erica
Lair:3:   layout_loops_ring, nicolae_spider_entry_non_spiders,
          serial_bayou_lagoon_b, uniq_nessos
Lair:4:   layout_long_grid, dpeg_slime_entry_enclosed, minmay_holes, uniq_snorg
Lair:5:   minmay_lair_end_frog_pond, layout_cave_pods, bobbens_ice_dragon_lair
Orc:1:    layout_caves, basic_altar, nicolae_orc_damp_corner
Orc:2:    st_orc_pillars, layout_diamond_mine, basic_altar, uniq_erolcha,
          uniq_urug, uniq_donald

Skill      XL: |  1  2  3  4  5  6  7  8  9 10 11 12 13 14 |
---------------+-------------------------------------------+-----
Fighting       | 4 5 6 7 8 10 11 13 14 | 14.0
Armour         | 4 5 6 8 9 12 14 15 16 | 16.1
Long Blades    | 3 4 5 6 8 9 11 13 14 15 16 | 16.1
Shields        | 4 5 6 8 9 11 13 15 16 | 16.5
Dodging        | 1 2 3 4 5 6 7 |  7.4
Stealth        | 1 2 |  2.0
Short Blades   | 1 2 |  2.4
Evocations     | 1 |  1.3
Invocations    | 1 |  1.3

Action                     |  1- 3 |  4- 6 |  7- 9 | 10-12 | 13-15 || total
---------------------------+-------+-------+-------+-------+-------++-------
  Melee: Long sword        |    91 |   173 |   309 |   823 |   213 ||  1609
         Headbutt          |    13 |    28 |    82 |   201 |   186 ||   510
         Rapier            |       |       |       |     9 |    17 ||    26
         Scimitar          |       |       |       |       |   528 ||   528
         Punch             |       |       |       |       |     3 ||     3
 Invoke: Heroism           |       |       |       |     2 |    13 ||    15
  Evoke: Wand              |       |       |     2 |       |    20 ||    22
    Use: Potion            |     2 |     2 |       |     2 |     2 ||     8
         Scroll            |       |     2 |     4 |    11 |     4 ||    21
 Armour: Scale mail        |    57 |    42 |       |       |       ||    99
         Chain mail        |       |    33 |   160 |   350 |   326 ||   869
  Dodge: Dodged            |    63 |    65 |   113 |   284 |   289 ||   814
         Repelled          |       |       |     2 |     9 |       ||    11
  Block: Buckler           |    24 |    52 |   193 |   455 |   255 ||   979
         Reflection        |       |       |     2 |    34 |    17 ||    53
         Kite shield       |       |       |       |       |   239 ||   239
         Other             |       |       |       |       |    19 ||    19
